| TOP OF THE 1ST |
|
Arizona Diamondbacks batting - Pitching for San Francisco Giants : RHP Casey Jones
|
|
Pitching: RHP Casey Jones
|
|
|
Batting: LHB Eric Klasek
|
0-0: Ball 1-0: Called Strike 1-1: Foul Ball, location: 2F 1-2: Strikes out swinging, 2-3 out at first.
|
|
Batting: RHB David Price Jr.
|
0-0: Ball 1-0: Ball 2-0: Foul Ball, location: 2F 2-1: Foul Ball, location: 2F 2-2: Strikes out looking
|
|
Batting: SHB Alec Thorpe
|
0-0: Called Strike 0-1: SINGLE (Line Drive, 78M, EV 94.4 MPH)
|
|
Batting: LHB Danny Dunham
|
0-0: Called Strike 0-1: Fly out, F4 (Flyball, 34D, EV 91.3 MPH)
|
| Top of the 1st over - 0 runs, 1 hit, 0 errors, 1 left on base; Arizona 0 - San Francisco 0 |
| BOTTOM OF THE 1ST |
|
San Francisco Giants batting - Pitching for Arizona Diamondbacks : RHP Art Nobles
|
|
Pitching: RHP Art Nobles
|
|
|
Batting: RHB Nick Rigden
|
0-0: Called Strike 0-1: Called Strike 0-2: Foul Ball, location: 2F 0-2: Ball 1-2: Ball 2-2: Fly out, F9 (Flyball, 89S, EV 76.3 MPH)
|
|
Batting: SHB Ryan Doss
|
0-0: Ball 1-0: Fly out, F9 (Flyball, 9S, EV 89.4 MPH)
|
|
Batting: LHB Jack Henningar
|
0-0: Ball 1-0: Called Strike 1-1: Called Strike 1-2: SINGLE (Line Drive, 8RS, EV 111.9 MPH)
|
|
Batting: LHB Willis Robles
|
Pickoff Throw to First - Out! 1-3
|
| Bottom of the 1st over - 0 runs, 1 hit, 0 errors, 0 left on base; Arizona 0 - San Francisco 0 |
| TOP OF THE 2ND |
|
Arizona Diamondbacks batting - Pitching for San Francisco Giants : RHP Casey Jones
|
|
Batting: SHB Perry Tuckfard
|
0-0: Swinging Strike 0-1: Ball 1-1: Foul Ball, location: 2F 1-2: Ball 2-2: Foul Ball, location: 2F 2-2: Foul Ball, location: 2F 2-2: Foul Ball, location: 2F 2-2: Ball 3-2: Fly out, F8 (Line Drive, 8LM, EV 96.9 MPH)
|
|
Batting: RHB Blake Ballard
|
0-0: Called Strike 0-1: Ball 1-1: Called Strike 1-2: Ball 2-2: Foul Ball, location: 2F 2-2: Ball 3-2: Fly out, F8 (Flyball, 8LM, EV 97.5 MPH)
|
|
Batting: RHB Mario Soto
|
0-0: Swinging Strike 0-1: Foul Ball, location: 2F 0-2: Ball 1-2: Ball 2-2: Ground out 6-3 (Groundball, 56, EV 101.9 MPH)
|
| Top of the 2nd over - 0 runs, 0 hits, 0 errors, 0 left on base; Arizona 0 - San Francisco 0 |
| BOTTOM OF THE 2ND |
|
San Francisco Giants batting - Pitching for Arizona Diamondbacks : RHP Art Nobles
|
|
Batting: LHB Willis Robles
|
0-0: Called Strike 0-1: Ball 1-1: Called Strike 1-2: Strikes out swinging
|
|
Batting: RHB Sean Zielinski
|
0-0: Called Strike 0-1: Foul Ball, location: 2F 0-2: Foul Ball, location: 2F 0-2: Ball 1-2: Ball 2-2: Foul Ball, location: 2F 2-2: Foul Ball, location: 2F 2-2: Ball 3-2: Foul Ball, location: 2F 3-2: Fly out, F7 (Flyball, 78M, EV 90.6 MPH)
|
|
Batting: RHB Jim Zucco
|
0-0: Called Strike 0-1: Ground out 4-3 (Groundball, 4, EV 106.9 MPH)
|
| Bottom of the 2nd over - 0 runs, 0 hits, 0 errors, 0 left on base; Arizona 0 - San Francisco 0 |
| TOP OF THE 3RD |
|
Arizona Diamondbacks batting - Pitching for San Francisco Giants : RHP Casey Jones
|
|
Batting: LHB Kyle Beaulieu
|
0-0: Ball 1-0: Called Strike 1-1: Foul Ball, location: 2F 1-2: Ball 2-2: Ground out 4-3 (Groundball, 4, EV 86.9 MPH)
|
|
Batting: SHB Troy McClure
|
0-0: Ground out 1-3 (Groundball, 15S, EV 68.8 MPH)
|
|
Batting: LHB Eric Klasek
|
0-0: Foul Ball, location: 2F 0-1: Ground out 4-3 (Groundball, 4, EV 96.9 MPH)
|
| Top of the 3rd over - 0 runs, 0 hits, 0 errors, 0 left on base; Arizona 0 - San Francisco 0 |
| BOTTOM OF THE 3RD |
|
San Francisco Giants batting - Pitching for Arizona Diamondbacks : RHP Art Nobles
|
|
Batting: RHB Jason May
|
0-0: Ball 1-0: Ball 2-0: Called Strike 2-1: Foul Ball, location: 2F 2-2: Strikes out swinging
|
|
Batting: RHB Ray Llewellyn
|
0-0: Foul Ball, location: 2F 0-1: Ball 1-1: Foul Ball, location: 2F 1-2: Strikes out swinging
|
|
Batting: RHB Xavier Castellanos
|
0-0: Ball 1-0: Called Strike 1-1: Reached via error on a dropped throw from 1B, E1 (Groundball, 34, EV 84.4 MPH)
|
|
Batting: RHB Nick Rigden
|
0-0: Ball 1-0: Fly out, F8 (Flyball, 8RD, EV 100.0 MPH)
|
| Bottom of the 3rd over - 0 runs, 0 hits, 1 error, 1 left on base; Arizona 0 - San Francisco 0 |
| TOP OF THE 4TH |
|
Arizona Diamondbacks batting - Pitching for San Francisco Giants : RHP Casey Jones
|
|
Batting: RHB David Price Jr.
|
0-0: Swinging Strike 0-1: Foul Ball, location: 2F 0-2: Foul Ball, location: 2F 0-2: Foul Ball, location: 2F 0-2: SINGLE (Line Drive, 6M, EV 106.3 MPH)
|
|
Batting: SHB Alec Thorpe
|
0-0: Foul Ball, location: 2F 0-1: Ball 1-1: Swinging Strike 1-2: Foul Ball, location: 2F 1-2: Foul Ball, location: 2F 1-2: Foul Ball, location: 2F 1-2: Ball 2-2: Ball 3-2: Foul Ball, location: 2F 3-2: SINGLE (Line Drive, 4D, EV 104.4 MPH) David Price Jr. to second
|
|
Batting: LHB Danny Dunham
|
0-0: Ball 1-0: Foul Ball, location: 2F 1-1: Ball 2-1: Foul Ball, location: 2F 2-2: Fly out, F9 (Flyball, 89S, EV 81.9 MPH)
|
|
Batting: SHB Perry Tuckfard
|
0-0: Ball 1-0: Ball 2-0: Called Strike 2-1: Ball 3-1: Called Strike 3-2: Fly out, F8 (Flyball, 8RD, EV 104.4 MPH) Runner from 2nd tags up, SAFE at 3rd with throw by CF
|
|
Batting: RHB Blake Ballard
|
0-0: Ball 1-0: Ball 2-0: Ball 3-0: Base on Balls Alec Thorpe to second
|
|
Batting: RHB Mario Soto
|
0-0: Swinging Strike 0-1: Swinging Strike 0-2: Foul Ball, location: 2F 0-2: DOUBLE (Flyball, 8LXD, EV 98.8 MPH) David Price Jr. scores Alec Thorpe scores Blake Ballard to third Runner from 3rd tries for Home, SAFE, no throw by CF
|
|
Batting: LHB Kyle Beaulieu
|
0-0: Called Strike 0-1: Ball 1-1: Foul Ball, location: 2F 1-2: Strikes out swinging
|
| Top of the 4th over - 3 runs, 3 hits, 0 errors, 1 left on base; Arizona 3 - San Francisco 0 |
| BOTTOM OF THE 4TH |
|
San Francisco Giants batting - Pitching for Arizona Diamondbacks : RHP Art Nobles
|
|
Batting: SHB Ryan Doss
|
0-0: SOLO HOME RUN (Line Drive, 9D, EV 98.1 MPH), Distance : 388 ft
|
|
Batting: LHB Jack Henningar
|
0-0: Ball 1-0: Ball 2-0: Ground out 4-3 (Groundball, 4, EV 104.4 MPH)
|
|
Batting: LHB Willis Robles
|
0-0: Ball 1-0: Swinging Strike 1-1: Swinging Strike 1-2: Strikes out swinging
|
|
Batting: RHB Sean Zielinski
|
0-0: Ball 1-0: Foul Ball, location: 2F 1-1: Foul Ball, location: 2F 1-2: Ball 2-2: Ball 3-2: Base on Balls
|
|
Batting: RHB Jim Zucco
|
0-0: Swinging Strike 0-1: Ball 1-1: Ball 2-1: Ball 3-1: Foul Ball, location: 2F 3-2: Base on Balls Sean Zielinski to second
|
|
Batting: RHB Jason May
|
0-0: Ball 1-0: SINGLE (Groundball, 34D, EV 95.6 MPH) Sean Zielinski to third Jim Zucco to second Runner from 3rd tries for Home, throw by RF and OUT! 9-2
|
| Bottom of the 4th over - 1 run, 2 hits, 0 errors, 2 left on base; Arizona 3 - San Francisco 1 |
| TOP OF THE 5TH |
|
Arizona Diamondbacks batting - Pitching for San Francisco Giants : RHP Casey Jones
|
|
Batting: SHB Troy McClure
|
0-0: Ball 1-0: Foul Ball, location: 2F 1-1: Ball 2-1: Foul Ball, location: 2F 2-2: Fly out, F8 (Line Drive, 8LM, EV 100.0 MPH)
|
|
Batting: LHB Eric Klasek
|
0-0: Called Strike 0-1: Ground out 4-3 (Groundball, 4D, EV 85.6 MPH)
|
|
Batting: RHB David Price Jr.
|
0-0: Ball 1-0: Ball 2-0: Ball 3-0: Base on Balls
|
|
Batting: SHB Alec Thorpe
|
0-0: Called Strike 0-1: Ball 1-1: Foul Ball, location: 2F 1-2: SINGLE (Line Drive, 5D, EV 98.8 MPH) David Price Jr. to second
|
|
Pitching: LHP Matt Wass
|
|
|
Batting: LHB Danny Dunham
|
0-0: Called Strike 0-1: Ball 1-1: Foul Ball, location: 2F 1-2: Strikes out swinging
|
| Top of the 5th over - 0 runs, 1 hit, 0 errors, 2 left on base; Arizona 3 - San Francisco 1 |
| BOTTOM OF THE 5TH |
|
San Francisco Giants batting - Pitching for Arizona Diamondbacks : RHP Art Nobles
|
|
Batting: RHB Ray Llewellyn
|
0-0: Ball 1-0: Fly out, F7 (Flyball, 78D, EV 105.0 MPH)
|
|
Batting: RHB Xavier Castellanos
|
0-0: Called Strike 0-1: Fly out, F8 (Flyball, 89D, EV 90.6 MPH)
|
|
Batting: RHB Nick Rigden
|
0-0: Foul Ball, location: 2F 0-1: Foul Ball, location: 2F 0-2: Ball 1-2: Strikes out swinging
|
| Bottom of the 5th over - 0 runs, 0 hits, 0 errors, 0 left on base; Arizona 3 - San Francisco 1 |
| TOP OF THE 6TH |
|
Arizona Diamondbacks batting - Pitching for San Francisco Giants : LHP Matt Wass
|
|
Batting: SHB Perry Tuckfard
|
0-0: Swinging Strike 0-1: Foul Ball, location: 2F 0-2: Ground out 4-3 (Groundball, 4, EV 85.0 MPH)
|
|
Batting: RHB Blake Ballard
|
0-0: Called Strike 0-1: Called Strike 0-2: Ball 1-2: Foul Ball, location: 2F 1-2: Foul Ball, location: 2F 1-2: Strikes out swinging
|
|
Batting: RHB Mario Soto
|
0-0: Swinging Strike 0-1: Ball 1-1: Ball 2-1: DOUBLE (Line Drive, 89D, EV 104.4 MPH)
|
|
Batting: LHB Kyle Beaulieu
|
0-0: Ball 1-0: Foul Ball, location: 2F 1-1: Swinging Strike 1-2: Ground out 4-3 (Groundball, 4, EV 83.1 MPH)
|
| Top of the 6th over - 0 runs, 1 hit, 0 errors, 1 left on base; Arizona 3 - San Francisco 1 |
| BOTTOM OF THE 6TH |
|
San Francisco Giants batting - Pitching for Arizona Diamondbacks : RHP Art Nobles
|
|
Batting: SHB Ryan Doss
|
0-0: Swinging Strike 0-1: Ball 1-1: Ground out 5-3 (Groundball, 56, EV 83.1 MPH)
|
|
Batting: LHB Jack Henningar
|
0-0: Called Strike 0-1: Fly out, F8 (Flyball, 8RXD, EV 85.0 MPH)
|
|
Batting: LHB Willis Robles
|
0-0: Called Strike 0-1: Fly out, F8 (Flyball, 8LXD, EV 99.4 MPH)
|
| Bottom of the 6th over - 0 runs, 0 hits, 0 errors, 0 left on base; Arizona 3 - San Francisco 1 |
| TOP OF THE 7TH |
|
Arizona Diamondbacks batting - Pitching for San Francisco Giants : LHP Matt Wass
|
|
Pitching: RHP Johnny Munoz
|
|
|
Batting: SHB Troy McClure
|
0-0: Ball 1-0: Called Strike 1-1: Foul Ball, location: 2F 1-2: Ball 2-2: SINGLE (Groundball, 6MD, EV 103.8 MPH)
|
|
Batting: LHB Eric Klasek
|
0-0: Ball 1-0: Fielders Choice at 2nd, 4-6 (Groundball, 34D, EV 106.9 MPH)
|
|
Batting: RHB David Price Jr.
|
0-0: Ball 1-0: Foul Ball, location: 2F 1-1: Ball 2-1: Foul Ball, location: 2F 2-2: Ball 3-2: Foul Ball, location: 2F 3-2: Strikes out looking
|
|
Batting: SHB Alec Thorpe
|
0-0: Ball Eric Klasek steals 2nd base 1-0: Foul Ball, location: 2F 1-1: Ball 2-1: Foul Ball, location: 2F 2-2: Fly out, F4 (Popup, 4M, EV 74.4 MPH)
|
| Top of the 7th over - 0 runs, 1 hit, 0 errors, 1 left on base; Arizona 3 - San Francisco 1 |
| BOTTOM OF THE 7TH |
|
San Francisco Giants batting - Pitching for Arizona Diamondbacks : RHP Art Nobles
|
|
Batting: RHB Sean Zielinski
|
0-0: Called Strike 0-1: SOLO HOME RUN (Flyball, 78XD, EV 101.9 MPH), Distance : 413 ft
|
|
Batting: RHB Jim Zucco
|
0-0: Called Strike 0-1: Called Strike 0-2: Ball 1-2: Fly out, F9 (Flyball, 9LS, EV 88.1 MPH)
|
|
Batting: RHB Jason May
|
0-0: Ball 1-0: Foul Ball, location: 2F 1-1: Ball 2-1: Called Strike 2-2: Ball 3-2: Ground out 4-3 (Groundball, 4, EV 80.6 MPH)
|
|
Batting: RHB Ray Llewellyn
|
0-0: Foul Ball, location: 2F 0-1: Foul Ball, location: 2F 0-2: Ball 1-2: Ground out 6-3 (Groundball, 56, EV 103.1 MPH)
|
| Bottom of the 7th over - 1 run, 1 hit, 0 errors, 0 left on base; Arizona 3 - San Francisco 2 |
| TOP OF THE 8TH |
|
Arizona Diamondbacks batting - Pitching for San Francisco Giants : RHP Johnny Munoz
|
|
Pitching: RHP Micah Teller
|
|
|
Batting: LHB Danny Dunham
|
0-0: Called Strike 0-1: Ball 1-1: Called Strike 1-2: Fly out, F6 (Popup, 6, EV 64.4 MPH)
|
|
Batting: SHB Perry Tuckfard
|
0-0: Fly out, F9 (Flyball, 89S, EV 90.0 MPH)
|
|
Batting: RHB Blake Ballard
|
0-0: Called Strike 0-1: Foul Ball, location: 2F 0-2: Foul Ball, location: 2F 0-2: Ball 1-2: Fly out, F9 (Flyball, 9LS, EV 94.4 MPH)
|
| Top of the 8th over - 0 runs, 0 hits, 0 errors, 0 left on base; Arizona 3 - San Francisco 2 |
| BOTTOM OF THE 8TH |
|
San Francisco Giants batting - Pitching for Arizona Diamondbacks : RHP Art Nobles
|
|
Batting: RHB Xavier Castellanos
|
0-0: Called Strike 0-1: Fly out, F9 (Flyball, 9, EV 93.1 MPH)
|
|
Batting: RHB Nick Rigden
|
0-0: Ball 1-0: Ball 2-0: Foul Ball, location: 2F 2-1: Ball 3-1: Base on Balls
|
|
Pitching: RHP Andrew Coker
|
|
|
Batting: SHB Ryan Doss
|
0-0: Ball 1-0: Ball 2-0: Foul Ball, location: 2F 2-1: Ball 3-1: Called Strike 3-2: Base on Balls Nick Rigden to second
|
|
Batting: LHB Jack Henningar
|
0-0: Ball 1-0: Ball 2-0: Ball 3-0: Base on Balls Nick Rigden to third Ryan Doss to second
|
|
Batting: LHB Willis Robles
|
0-0: Ball 1-0: Grounds into fielders choice 4-2 (Groundball, 34, EV 85.6 MPH) Ryan Doss to third Jack Henningar to second
|
|
Batting: RHB Sean Zielinski
|
0-0: Ball 1-0: Called Strike 1-1: Fielders Choice at 2nd, 5-4 (Groundball, 56, EV 106.9 MPH)
|
| Bottom of the 8th over - 0 runs, 0 hits, 0 errors, 3 left on base; Arizona 3 - San Francisco 2 |
| TOP OF THE 9TH |
|
Arizona Diamondbacks batting - Pitching for San Francisco Giants : RHP Micah Teller
|
|
Batting: RHB Mario Soto
|
0-0: Foul Ball, location: 2F 0-1: DOUBLE (Line Drive, 9LM, EV 115.0 MPH)
|
|
Batting: LHB Kyle Beaulieu
|
0-0: Ball 1-0: Ball 2-0: Ball 3-0: Called Strike 3-1: Base on Balls
|
|
Batting: SHB Troy McClure
|
0-0: Ball Wild Pitch! Mario Soto to third Kyle Beaulieu to second 1-0: Ball 2-0: Foul Ball, location: 2F 2-1: Ball 3-1: Called Strike 3-2: Base on Balls
|
|
Batting: LHB Eric Klasek
|
0-0: Called Strike 0-1: Ball 1-1: Swinging Strike 1-2: Ball 2-2: Ball 3-2: Strikes out swinging
|
|
Batting: RHB David Price Jr.
|
0-0: Ball 1-0: Ball 2-0: Called Strike 2-1: SINGLE (Line Drive, 78S, EV 100.0 MPH) Mario Soto scores Kyle Beaulieu to third Troy McClure to second
|
|
Batting: SHB Alec Thorpe
|
0-0: Ball 1-0: Ball 2-0: Ball 3-0: Called Strike 3-1: Base on Balls Kyle Beaulieu scores Troy McClure to third David Price Jr. to second
|
|
Pitching: RHP Nate Heideman
|
|
|
Batting: LHB Danny Dunham
|
0-0: Called Strike 0-1: Ball 1-1: Grounds into double play, 5-2-3 (Groundball, 5S, EV 66.9 MPH)
|
| Top of the 9th over - 2 runs, 2 hits, 0 errors, 2 left on base; Arizona 5 - San Francisco 2 |
| BOTTOM OF THE 9TH |
|
San Francisco Giants batting - Pitching for Arizona Diamondbacks : RHP Andrew Coker
|
|
Batting: RHB Jim Zucco
|
0-0: Ball 1-0: Swinging Strike 1-1: Swinging Strike 1-2: Ball 2-2: Strikes out swinging
|
|
Batting: RHB Jason May
|
0-0: Ball 1-0: Ball 2-0: Foul Ball, location: 2F 2-1: Foul Ball, location: 2F 2-2: Foul Ball, location: 2F 2-2: Ball 3-2: Fly out, F5 (Popup, 5S, EV 74.4 MPH)
|
|
Batting: RHB Ray Llewellyn
|
0-0: Ball 1-0: Foul Ball, location: 2F 1-1: Swinging Strike 1-2: Strikes out looking
|
| Bottom of the 9th over - 0 runs, 0 hits, 0 errors, 0 left on base; Arizona 5 - San Francisco 2 |
|